 Dungeon Crawl Stone Soup version 0.26-a0-284-g73c0fb6129 (webtiles) character file.

Game seed: 3473346804179963396

1453 Niddhogr the Conjurer (level 8, -5/52 HPs)
             Began as a Demonspawn Conjurer on July 13, 2020.
             Was an Initiate of Gozag.
             Slain by a slime creature (14 damage)
             ... on level 7 of the Dungeon.
             The game lasted 00:16:51 (4985 turns).

Niddhogr the Conjurer (Demonspawn Conjurer)         Turns: 4985, Time: 00:16:51

Health: -5/52      AC:  5    Str:  9    XL:     8   Next: 47%
Magic:  4/14       EV: 12    Int: 24    God:    Gozag
Gold:   258        SH:  0    Dex: 11    Spells: 0/15 levels left

rFire    . . .     SeeInvis .   f - +2 spear (venom)
rCold    + . .     Faith    .   (no shield)
rNeg     . . .     Spirit   .   a - +0 robe
rPois    .         Reflect  .   E - +0 helmet {Int+3} {Int+3}
rElec    .         Harm     .   (no cloak)
rCorr    .                      (gloves unavailable)
MR       .....                  (no boots)
Stlth    ++........             (no amulet)
HPRegen  0.17/turn              (no ring)
MPRegen  0.14/turn              (no ring)

@: no status effects
A: claws 3, iridescent scales 1, cold resistance 1, powered by pain 1
a: Potion Petition, Call Merchant, Bribe Branch, Renounce Religion


You were on level 7 of the Dungeon.
You worshipped Gozag.
Gozag was aware of your devotion.
You visited 2 branches of the dungeon, and saw 6 of its levels.

You collected 337 gold pieces.
You paid 79 gold pieces to Gozag.

Inventory:

Hand Weapons
 f - a +2 spear of venom (weapon)
 o - a +0 trident of venom
Missiles
 Q - 64 arrows
Armour
 a - a +0 robe (worn)
 E - a +0 helmet of intelligence (worn) {Int+3}
Magical Staves
 A - an uncursed staff of death {rN+}
Wands
 d - a wand of disintegration (10)
 i - a wand of iceblast (6)
 p - a wand of clouds (3)
 s - a wand of polymorph (9)
 w - a wand of paralysis (6)
Scrolls
 c - a scroll of random uselessness {unknown}
 e - 3 scrolls of fear
 r - 2 scrolls of amnesia {unknown}
 t - a scroll of teleportation {unknown}
 u - a scroll of enchant weapon {unknown}
 v - a scroll of magic mapping {unknown}
 x - 3 scrolls of remove curse
Potions
 b - 2 potions of might {unknown}
 g - a potion of flight {unknown}
 h - a potion of mutation {unknown}
 j - 2 potions of cancellation {unknown}
 k - a potion of heal wounds
 l - a potion of curing {unknown}
 n - 3 potions of lignification {!q}
 q - a potion of stabbing {unknown}
 z - a potion of resistance {unknown}
 B - a potion of brilliance {unknown}
Miscellaneous
 C - a phantom mirror
 D - a lightning rod (4/4)


   Skills:
 + Level 5.4 Polearms
 - Level 1.7 Dodging
 - Level 1.7 Stealth
 - Level 4.1 Spellcasting
 - Level 6.1 Conjurations
 - Level 4.2 Hexes
 * Level 3.6 Evocations


You couldn't memorise any spells.
You knew the following spells:

 Your Spells              Type           Power        Failure   Level
a - Magic Dart            Conj           ####         1%          1
b - Searing Ray           Conj           ####..       1%          2
c - Fulminant Prism       Conj/Hex       ####......   12%         4
d - Tukima's Dance        Hex            ####....     4%          3
f - Fireball              Conj/Fire      ###.......   58%         5

Your spell library contained the following spells:

 Spells                   Type           Power        Failure   Level
 Corona                   Hex            ####...      1%          1
 Foxfire                  Conj/Fire      ###.         2%          1
 Shock                    Conj/Air       ###.         2%          1
 Dazzling Flash           Conj/Hex       ####..       3%          3
 Confusing Touch          Hex            ####....     4%          3
 Ensorcelled Hibernation  Hex/Ice        ###...       6%          2
 Conjure Flame            Conj/Fire      ###.....     9%          3
 Static Discharge         Conj/Air       ###.....     9%          3
 Inner Flame              Hex/Fire       ###.....     12%         3
 Swiftness                Chrm/Air       #.......     14%         2
 Iskenderun's Mystic Bla  Conj/Tloc      ###.....     26%         4
 Sticky Flame             Conj/Fire      ###.....     26%         4
 Lightning Bolt           Conj/Air       ###.......   58%         5
 Airstrike                Air            #.........   67%         4


Dungeon Overview and Level Annotations

Branches:
Dungeon (7/15)             Temple (1/1) D:7

Altars:
Gozag
Kikubaaqudgha
Nemelex Xobeh
Okawaru
Qazlal
Sif Muna
Trog
Wu Jian
The Shining One

Annotations:
D:2 Sigmund


Innate Abilities, Weirdness & Mutations

You have claws for hands.
You are partially covered in iridescent scales. (AC +2)
Your flesh is cold resistant. (rC+)
You sometimes gain a little power by taking damage.


Message History

11 gold pieces.
The floor.
Unknown command.
Aim: a slime creature (severely wounded, chance to defeat MR: 64%)
The slime creature struggles to resist.
The slime creature hits you.
* * * LOW HITPOINT WARNING * * *
You take 5 damage, and have 16/52 hp.
Aim: a slime creature (severely wounded, chance to defeat MR: 64%)
The slime creature struggles to resist.
The slime creature hits you.
* * * LOW HITPOINT WARNING * * *
You take 1 damage, and have 16/52 hp.
Aim: a slime creature (severely wounded, chance to defeat MR: 64%)
The slime creature is blasted!
The slime creature misses you.
Aim: a slime creature (severely wounded, chance to defeat MR: 64%)
The slime creature struggles to resist.
The slime creature hits you!
* * * LOW HITPOINT WARNING * * *
You take 8 damage, and have 8/52 hp.
The slime creature hits you!
You die...
Your body crumbles into a pile of gold.

............#.........##.........
.#...#...#...).........#.#....#..
.##.###.##.............#.#...##..
#.###.###.#...[...........#.###..
#.#...#.###...........#..#.# ##.
. #.....##.#...........#..#.###..
..###.###..##....[....##....>....
#.....$.....##.J.....##.....###..
..#..........##.@...##...##.# #..
#...#.........###.###...###.# #..
##.##.................#.##..# ##.
#. #..........##...###.....#####
.. ########.#####.######.....###
#.# #.##.......).......... #.
#####....#.......######...
#......###.......# ..
...####......#'#..#


You could see a slime creature.

Levels and vault maps discovered:
D:1:      dpeg_arrival_brainrot, layout_rooms, feat_on_display
D:2:      layout_basic, uniq_sigmund
D:3:      layout_basic, uniq_jessica
D:6:      layout_loops_ring, basic_altar, nemelex_lonely_heart_becter
D:7:      minmay_the_grid_octo_triangle [minmay_the_grid_octo_empty,
          minmay_the_grid_octo_prize_ultimate_mussel_roller,
          minmay_the_grid_octo_pinwheel], layout_rooms, marbit_many_paths,
          kennysheep_mini_moat, minmay_temple_entry_sparse_star
Temple:   eino_temple_rhombus

Notes
Turn   | Place    | Note
-------+----------+-------------------------------------------
     0 | D:1      | Niddhogr the Demonspawn Conjurer began the quest for the
                  | Orb.
     0 | D:1      | Reached XP level 1. HP: 13/13 MP: 3/3
    82 | D:1      | Identified a +0 club
   204 | D:1      | Identified a +0 club
   211 | D:1      | Identified a +0 hand axe (You found it on level 1 of the
                  | Dungeon)
   262 | D:1      | Identified a cursed -2 club
   270 | D:1      | HP: 3/13 [jackal (2)]
   271 | D:1      | Gained mutation: You have sharp fingernails. [demonic
                  | ancestry]
   271 | D:1      | Reached XP level 2. HP: 5/19 MP: 0/5
   519 | D:1      | Learned a level 2 spell: Searing Ray
   564 | D:1      | Identified a +0 club
   640 | D:1      | Identified a +0 dagger
   888 | D:1      | Identified a +0 spear (You found it on level 1 of the
                  | Dungeon)
   918 | D:1      | Reached skill level 5 in Conjurations
  1044 | D:1      | Gained mutation: Your flesh is cold resistant. (rC+)
                  | [demonic ancestry]
  1044 | D:1      | Reached XP level 3. HP: 24/24 MP: 3/6
  1260 | D:2      | Identified a +7 vampiric scythe
  1260 | D:2      | Identified a +2 robe of cold resistance
  1260 | D:2      | Noticed Sigmund
  1294 | D:2      | Identified a +0 dagger
  1306 | D:2      | Identified a +2 spear of venom (You found it on level 2 of
                  | the Dungeon)
  1402 | D:2      | Identified a cursed -1 dagger
  1402 | D:2      | Identified a +0 dagger
  1407 | D:2      | Identified a +0 club
  1526 | D:2      | Reached skill level 1 in Polearms
  1526 | D:2      | Gained mutation: You sometimes gain a little power by
                  | taking damage. [demonic ancestry]
  1526 | D:2      | Reached XP level 4. HP: 28/30 MP: 1/7
  1617 | D:2      | Identified a +0 hunting sling
  1650 | D:2      | Identified a +0 club
  1675 | D:2      | Identified a +0 short sword
  1676 | D:2      | Identified a +0 dagger
  1775 | D:2      | Identified a +0 pair of gloves (You found it on level 2 of
                  | the Dungeon)
  1780 | D:2      | Learned a level 4 spell: Fulminant Prism
  1929 | D:3      | Identified a +0 robe
  1929 | D:3      | Noticed Jessica
  1942 | D:3      | Killed Jessica
  1986 | D:3      | Identified a +0 club
  2105 | D:3      | Identified a +0 dagger
  2140 | D:3      | Identified a +0 trident of venom
  2140 | D:3      | Identified a +0 mace
  2140 | D:3      | Identified a +0 scale mail
  2143 | D:3      | Identified a +0 whip
  2145 | D:3      | Identified a +0 dagger
  2145 | D:3      | Identified a +0 leather armour
  2153 | D:3      | Reached XP level 5. HP: 32/35 MP: 6/8
  2161 | D:3      | Identified a +0 leather armour
  2165 | D:3      | Reached skill level 6 in Conjurations
  2313 | D:3      | Reached skill level 2 in Polearms
  2394 | D:3      | You fall into a shaft and drop 3 floors!
  2420 | D:6      | Reached skill level 1 in Hexes
  2525 | D:6      | Noticed a black bear
  2535 | D:6      | Killed a black bear
  2535 | D:6      | Reached skill level 2 in Hexes
  2535 | D:6      | Gained mutation: You have very sharp fingernails. [demonic
                  | ancestry]
  2535 | D:6      | Reached XP level 6. HP: 15/41 MP: 0/9
  2750 | D:6      | Found a stormy altar of Qazlal.
  2781 | D:6      | Reached skill level 3 in Hexes
  2892 | D:6      | Reached skill level 3 in Polearms
  2906 | D:6      | Found a sparkling altar of Nemelex Xobeh.
  2959 | D:6      | Identified a +0 club
  2962 | D:6      | Identified a +0 flail
  2963 | D:6      | Identified a cursed -2 trident
  2963 | D:6      | Identified a +0 ring mail
  2965 | D:6      | Identified a +0 whip
  2988 | D:6      | Reached skill level 4 in Hexes
  2988 | D:6      | Gained mutation: You are partially covered in iridescent
                  | scales. (AC +2) [demonic ancestry]
  2988 | D:6      | Reached XP level 7. HP: 31/46 MP: 2/10
  3218 | D:6      | Identified a +0 dagger
  3218 | D:6      | Identified a +0 robe
  3226 | D:6      | Identified a +0 dagger
  3651 | D:6      | Identified 4 scrolls of identify
  3651 | D:6      | Identified 4 scrolls of remove curse
  3652 | D:6      | Identified 3 potions of lignification
  3653 | D:6      | Identified 3 scrolls of fear
  3654 | D:6      | Identified 2 potions of heal wounds
  3692 | D:7      | Identified a +0 dagger
  3692 | D:7      | Identified a +0 robe
  3695 | D:7      | Identified a +0 dagger
  3695 | D:7      | Identified a +0 robe
  3706 | D:7      | Identified a +0 short sword
  3706 | D:7      | Identified a +0 leather armour
  3833 | D:7      | Found a staircase to the Ecumenical Temple.
  3842 | Temple   | Entered the Ecumenical Temple
  3848 | Temple   | Became a worshipper of Gozag Ym Sagoz the Greedy
  3937 | D:7      | Reached skill level 3 in Spellcasting
  4082 | D:7      | Identified a +0 helmet (You found it on level 7 of the
                  | Dungeon)
  4089 | D:7      | Identified a +0 hand axe
  4098 | D:7      | Reached skill level 4 in Polearms
  4104 | D:7      | Identified a +0 scimitar
  4104 | D:7      | Identified a +0 plate armour
  4135 | D:7      | Reached skill level 4 in Spellcasting
  4140 | D:7      | Found an ornate altar of the Wu Jian Council.
  4149 | D:7      | Gained mutation: You have claws for hands. [demonic
                  | ancestry]
  4149 | D:7      | Reached XP level 8. HP: 29/52 MP: 3/14
  4178 | D:7      | Noticed a slime creature
  4298 | D:7      | Reached skill level 1 in Evocations
  4429 | D:7      | Reached skill level 5 in Polearms
  4463 | D:7      | Identified a ring of dexterity (You found it on level 7 of
                  | the Dungeon)
  4483 | D:7      | Identified a +0 helmet of intelligence (You found it on
                  | level 7 of the Dungeon)
  4491 | D:7      | Learned a level 5 spell: Fireball
  4495 | D:7      | Learned a level 3 spell: Tukima's Dance
  4506 | D:7      | Reached skill level 2 in Evocations
  4651 | D:7      | Found an ancient bone altar of Kikubaaqudgha.
  4686 | D:7      | Noticed a hippogriff
  4702 | D:7      | HP: 10/52 [hippogriff (6)]
  4721 | D:7      | HP: 9/52 [hippogriff (4)]
  4721 | D:7      | HP: 1/52 [hippogriff (6)]
  4723 | D:7      | Killed a hippogriff
  4723 | D:7      | Reached skill level 3 in Evocations
  4979 | D:7      | HP: 8/52 [slime creature (8)]
  4985 | D:7      | Slain by a slime creature

Table legend:
 A = Turns spent in this place as a percentage of turns spent in the entire game.
 B = Non-inter-level travel turns spent in this place as a percentage of non-inter-level travel turns spent in the entire game.
 C = Inter-level travel turns spent in this place as a percentage of turns spent in this place.
 D = Turns resting spent in this place as a percentage of non-inter-level travel turns spent in this place.
 E = Turns spent auto-exploring this place as a percentage of non-inter-level travel turns spent in this place.
 F = Non-inter-level travel turns spent in this place divided by the number of levels of this place that you've seen.
                   A       B       C       D       E      F
               +-------+-------+-------+-------+-------+----------------------
         Total | 100.0 | 100.0 |   3.2 |   6.4 |  74.5 | 803.8
       Dungeon |  99.7 |  99.7 |   3.3 |   6.4 |  74.7 | 962.0
        Temple |   0.3 |   0.3 |   0.0 |   0.0 |   0.0 |  13.0
               +-------+-------+-------+-------+-------+----------------------

Table legend:
 A = Kills in this place as a percentage of kills in entire the game.
 B = Kills by you in this place as a percentage of kills by you in the entire game.
 C = Kills by friends in this place as a percentage of kills by friends in the entire game.
 D = Other kills in this place as a percentage of other kills in the entire game.
 E = Experience gained in this place as a percentage of experience gained in the entire game.
 F = Experience gained in this place divided by the number of levels of this place that you have seen.
                   A       B       C       D       E      F
               +-------+-------+-------+-------+-------+----------------------
         Total | 100.0 | 100.0 |   N/A |   N/A | 100.0 | 346.0
       Dungeon | 100.0 | 100.0 |   N/A |   N/A | 100.0 | 415.2
               +-------+-------+-------+-------+-------+----------------------

Skill      XL: |  1  2  3  4  5  6  7  8 |
---------------+-------------------------+-----
Conjurations   | 5 6 |  6.1
Polearms       | 1 2 3 4 5 |  5.4
Hexes          | 2 4 |  4.2
Spellcasting   | 4 |  4.1
Evocations     | 3 |  3.6
Dodging        | |  1.7
Stealth        | |  1.7

Action                   |  1- 3 |  4- 6 |  7- 9 || total
-------------------------+-------+-------+-------++-------
Melee: Hand axe          |    24 |       |       ||    24
       Unarmed           |     5 |       |       ||     5
       Spear             |    50 |    60 |    69 ||   179
 Cast: Magic Dart        |    43 |    27 |    22 ||    92
       Searing Ray       |     2 |     8 |    16 ||    26
Evoke: Wand              |       |       |     5 ||     5
  Use: Scroll            |       |       |     5 ||     5
       Potion            |       |       |     1 ||     1
 Stab: Sleeping          |     2 |     1 |     1 ||     4
       Paralysed         |       |       |     4 ||     4
Armor: Robe              |    30 |     7 |    17 ||    54
Dodge: Dodged            |    70 |    42 |    53 ||   165

Vanquished Creatures
  A hippogriff (D:7)
  A water moccasin (D:7)
  An orc warrior (D:7)
  A black bear (D:6)
  A crocodile (D:7)
  2 bullfrogs
  A gnoll sergeant (D:6)
  A water moccasin zombie (D:6)
  A water moccasin skeleton (D:7)
  A howler monkey (D:7)
  4 hounds
  A jelly (D:7)
  2 orc priests
  3 orc wizards
  Jessica (D:3)
  2 worker ants
  A hound zombie (D:7)
  A hound skeleton (D:7)
  A worker ant zombie (D:7)
  6 adders
  3 gnolls (D:6)
  An ufetubus (D:6)
  An adder skeleton (D:7)
  2 worms
  A dart slug (D:1)
  A leopard gecko (D:3)
  8 orcs
  3 giant cockroaches
  8 goblins
  9 hobgoblins
  7 jackals
  9 kobolds
  A quokka (D:6)
  A ball python (D:1)
  6 bats
  A frilled lizard (D:1)
  3 rats
98 creatures vanquished.
